 Dungeon Crawl Stone Soup version 0.22-a0-284-g99d1f74 (webtiles) character file.

47 Gildeon the Conjurer (level 3, 0/26 HPs)
             Began as a Demigod Conjurer on Mar 21, 2018.
             Killed from afar by Natasha (5 damage)
             ... with a magic dart
             ... on level 2 of the Dungeon.
             The game lasted 00:09:26 (1259 turns).

Gildeon the Conjurer (Demigod Conjurer)             Turns: 1259, Time: 00:09:27

Health: 0/26       AC:  3    Str: 11    XL:     3   Next: 29%
Magic:  10/10      EV: 12    Int: 21    God:
Gold:   41         SH:  0    Dex: 16    Spells: 2/8 levels left

rFire    . . .     SeeInvis .   f - +1 club
rCold    . . .     Gourm    .   (no shield)
rNeg     . . .     Faith    .   a - +0 robe
rPois    .         Spirit   .   b - +0 helmet
rElec    .         Reflect  .   (no cloak)
rCorr    .         Harm     .   (no gloves)
MR       .....                  (no boots)
Stlth    ++........             (no amulet)
HPRegen  0.08/turn              (no ring)
MPRegen  0.12/turn              (no ring)

@: no status effects
A: high mp 1
a: no special abilities


You were on level 2 of the Dungeon.
You were not hungry.

You visited 1 branch of the dungeon, and saw 3 of its levels.

You collected 41 gold pieces.

Inventory:

Hand Weapons
 f - a +1 club (weapon)
Armour
 a - a +0 robe (worn)
 b - a +0 helmet (worn)
Scrolls
 g - a scroll of enchant weapon
 h - a scroll of teleportation
Comestibles
 c - 2 rations
 d - 2 chunks of flesh


   Skills:
 - Level 1.7 Dodging
 - Level 1.7 Stealth
 + Level 3.3 Spellcasting
 - Level 3.6 Conjurations


You had 2 spell levels left.
You knew the following spells:

 Your Spells              Type           Power        Failure   Level  Hunger
a - Magic Dart            Conj           ###.         3%          1    None
b - Searing Ray           Conj           ###...       4%          2    ##.....
c - Dazzling Spray        Conj/Hex       ##....       19%         3    ###....


Dungeon Overview and Level Annotations

Branches:
Dungeon (3/15)

Annotations:
D:2 Natasha, Sigmund


Innate Abilities, Weirdness & Mutations

You have an increased reservoir of magic. (+10% MP)


Message History

You start resting.
Magic restored.
Sigmund and Natasha come into view.
Natasha hisses angrily.
Natasha casts a spell.
Sigmund shouts!
Natasha stares at you and mumbles some strange words.
The magic dart hits you!
Sigmund points at you and mumbles some strange words.
You are confused.
The white imp gestures at you. The puff of frost hits you!
The white imp gestures at you. The puff of frost hits you!
* * * LOW HITPOINT WARNING * * *
You feel less confused. Sigmund closely misses you.
Natasha casts a spell at you. The magic dart hits you!
You die...

##...####.###....
................. ....
.....####.###.... ... ..
##...####.###.#.##..# ...
....................##...
.....................>...
##.######..##.#..........
#########..##.#..#@.#....
...........#....@........
..##.###........h5....... .......
..##.###.#.#.##...#...... ...#.#
...#..............#.....# #..#.#
........................#.##..#.#
.#............................#.#
.....###....##.#..#.#.....##..#§.
..................#.#.......§§§..
......##..#.................§§§..


You could see Sigmund, Natasha and a white imp.

Vanquished Creatures
  2 adders (D:2)
  5 hobgoblins
  2 jackals (D:2)
  4 kobolds
  A quokka (D:2)
  3 bats
  4 frilled lizards
  5 goblins
  3 rats (D:1)
29 creatures vanquished.

Notes
Turn   | Place    | Note
-------+----------+-------------------------------------------
     0 | D:1      | Gildeon the Demigod Conjurer began the quest for the Orb.
     0 | D:1      | Reached XP level 1. HP: 14/14 MP: 5/5
   452 | D:1      | Reached XP level 2. HP: 20/20 MP: 5/8
   733 | D:2      | Learned a level 2 spell: Searing Ray
   873 | D:2      | Reached XP level 3. HP: 25/26 MP: 5/10
   883 | D:2      | Learned a level 3 spell: Dazzling Spray
  1251 | D:2      | Noticed Sigmund
  1251 | D:2      | Noticed Natasha
  1259 | D:2      | Killed from afar by Natasha

Vault maps used:
D:1:      dpeg_arrival_round_c
D:2:      first_ration, uniq_sigmund, uniq_natasha
D:3:      grunt_ministairs_10

Skill      XL: |  1  2 |
---------------+-------+-----
Spellcasting   | 2 3 |  3.3
Dodging        | |  1.7
Stealth        | |  1.7
Conjurations   | |  3.6

Action                   || total
-------------------------++-------
Melee: Club              ||     3
 Cast: Magic Dart        ||    49
       Searing Ray       ||     3
  Use: Scroll            ||     4
       Potion            ||     1
  Eat: Ration            ||     1
Armor: Robe              ||     6
Dodge: Dodged            ||    19

Table legend:
 A = Spawn XP
 B = Non-spawn XP
 C = Spawn XP percentage of total XP
 D = Spawn monster count
 E = Non-spawn monster count
 F = Spawn count percentage of total count
 G = Total turns spent on level
                    A         B        C        D         E        F      G
               +---------+---------+-------+---------+---------+-------+---------
         Total |       0 |      68 |   0.0 |       0 |      29 |   0.0 |  1259
               +---------+---------+-------+---------+---------+-------+---------
           D:1 |       0 |      19 |   0.0 |       0 |      14 |   0.0 |   530
           D:2 |       0 |      49 |   0.0 |       0 |      15 |   0.0 |   727
               +---------+---------+-------+---------+---------+-------+---------
